 Dungeon Crawl Stone Soup version 0.29.1-15-g9cfb28693d (webtiles) character file.

Game seed: 13059767593619163749

185 protoss039 the Digger (level 5, 0/39 HPs)
             Began as a Demonspawn Earth Elementalist on Mar 12, 2023.
             Was an Initiate of Vehumet.
             Slain by a gnoll
             ... wielding a +0 spear
              (6 damage)
             ... on level 4 of the Dungeon.
             The game lasted 00:04:31 (3130 turns).

protoss039 the Digger (DsEE)                        Turns: 3130, Time: 00:04:31

Health: 0/39       AC:  5    Str:  9    XL:     5   Next: 37%
Magic:  8/9        EV: 14    Int: 18    God:    Vehumet [......]
Gold:   117        SH:  7    Dex: 15    Spells: 2/10 levels left

rFire   . . .      SeeInvis .   y - +2 whip (elec)
rCold   . . .      Faith    .   A - +0 kite shield
rNeg    . . .      Spirit   .   a - +0 robe
rPois   .          Reflect  .   x - +0 helmet
rElec   .          Harm     .   m - +0 cloak
rCorr   .          Rampage  .   (no gloves)
Will    .....                   o - +0 pair of boots
Stlth   +++.......              (no amulet)
HPRegen 0.13/turn               v - +4 ring of evasion
MPRegen 0.11/turn               (no ring)

@: no status effects
A: hooves 2, thin skeletal structure 1, demonic magic 1
a: Renounce Religion


You were on level 4 of the Dungeon.
You worshipped Vehumet.
Vehumet was noncommittal.
You visited 1 branch of the dungeon, and saw 4 of its levels.

You collected 117 gold pieces.

Inventory:

Hand Weapons
 c - a +0 dagger
 y - a +2 whip of electrocution (weapon)
Armour
 a - a +0 robe (worn)
 m - a +0 cloak (worn)
 o - a +0 pair of boots (worn)
 x - a +0 helmet (worn)
 A - a +0 kite shield (worn)
Jewellery
 v - a +4 ring of evasion (left hand)
Wands
 n - a wand of paralysis (8)
 t - a wand of digging (6)
Scrolls
 d - 2 scrolls of identify {unknown}
 e - a scroll of blinking {unknown}
 f - a scroll of immolation {unknown}
 g - 3 scrolls of fog {unknown}
 h - 2 scrolls of fear {unknown}
 i - 2 scrolls of teleportation {unknown}
 r - a scroll of torment {unknown}
 w - a scroll of vulnerability {unknown}
Potions
 b - a potion of magic
 j - a potion of flight {unknown}
 k - a potion of attraction {unknown}
 l - 2 potions of lignification {unknown}
 p - a potion of ambrosia {unknown}
 q - a potion of brilliance {unknown}
 s - a potion of curing {unknown}
 u - a potion of mutation {unknown}
 z - a potion of resistance {unknown}


   Skills:
 + Level 2.6 Fighting
 * Level 0.7 Armour
 - Level 1.7 Dodging
 - Level 1.7 Stealth
 * Level 0.2 Shields
 + Level 3.1 Spellcasting
 + Level 0.3 Conjurations
 * Level 1.3 Transmutations
 + Level 3.7 Earth Magic


You had 2 spell levels left.
You knew the following spells:

 Your Spells              Type           Power      Damage    Failure   Level
a - Sandblast             Erth           32%        2d9       12%         1
b - Passwall              Tmut/Erth      9%         N/A       30%         2
c - Stone Arrow           Conj/Erth      20%        3d8       58%         3
d - Wereblood             Tmut           7%         N/A       45%         2

Your spell library contained the following spells:

 Spells                   Type           Power      Damage    Failure   Level
 Sublimation of Blood     Necr           2%         N/A       65%         2
 Frozen Ramparts          Ice            4%         1d1       86%         3
 Inner Flame              Hex/Fire       2%         N/A       86%         3
 Petrify                  Tmut/Erth      11%        N/A       90%         4
 Cause Fear               Hex            1%         N/A       99%         4
 Ice Form                 Ice/Tmut       5%         N/A       99%         4
 Summon Ice Beast         Ice/Summ       2%         N/A       99%         4
 Summon Hydra             Summ           1%         N/A       100%        7
 Discord                  Hex            1%         N/A       100%        8


Dungeon Overview and Level Annotations

Branches:
Dungeon (4/15) Zot: 20819
 Temple: D:4-7

Altars:
Uskayaw
Vehumet

Shops:
D:1 [


Innate Abilities, Weirdness & Mutations

You have hoof-like feet.
You have a somewhat thin skeletal structure. (Dex +2, Stealth+)
Spells you cast may paralyse adjacent enemies.


Message History

Unknown command.
You hit the gnoll.
The gnoll is lightly wounded.
You block the gnoll's attack. The gnoll misses you. x3
Unknown command.
You barely miss the gnoll.
The gnoll is lightly wounded.
The gnoll barely misses you. x2
Unknown command.
You hit the gnoll but do no damage.
The gnoll is lightly wounded.
You block the gnoll's attack. The gnoll hits you with a +0 flail!
Unknown command.
You barely miss the gnoll.
The gnoll is lightly wounded.
The gnoll misses you. x2
Unknown command.
You barely miss the gnoll.
The gnoll is lightly wounded.
The gnoll closely misses you. The gnoll hits you with a +0 flail!
The gnoll misses you. The gnoll hits you but does no damage.
Unknown command.
You hit the gnoll.
The gnoll is lightly wounded.
The gnoll hits you from afar with a +0 spear.
The gnoll completely misses you.
Unknown command.
Casting: Sandblast (safe; 12% risk of failure)
Confirm with . or Enter, or press ? or * to list all spells.
Aiming: Sandblast (safe; 12% risk of failure)
Press: ? - help, Shift-Dir - straight line, f - gnoll
Aim: a gnoll, wielding a +0 spear (84% to hit)
The blast of sand hits the gnoll.
The gnoll is heavily wounded.
Malevolent energies surge around you.
The gnoll hits you from afar with a +0 spear.
The gnoll hits you with a +0 flail!
* * * LOW HITPOINT WARNING * * *
The gnoll hits you from afar with a +0 spear.
You die...

. ### # . ##### #.. .#.
...## #.# #.# ##...# #(#
#.# #..#.# .# #.# #.#
#.⌠..####
....###.####.###..#.....
.......)(............###
...###@####$....#.#.#
#g# #.#####.#.### ..g
...# #.#.... ##.######
#.##### #.# #.# #.. ..#
### ###


You could see 2 gnolls.

Vanquished Creatures
  Ijyb (D:2)
  6 adders
  2 gnolls (D:4)
  A worm (D:4)
  4 dart slugs
  4 ball pythons
  5 bats
  6 endoplasms
  3 giant cockroaches
  5 goblins
  6 hobgoblins
  10 jackals
  7 kobolds
  2 quokkas (D:3)
  3 frilled lizards
  9 rats
74 creatures vanquished.

Notes
Turn   | Place    | Note
-------+----------+-------------------------------------------
     0 | D:1      | protoss039 the Demonspawn Earth Elementalist began the
                  | quest for the Orb.
     0 | D:1      | Reached XP level 1. HP: 13/13 MP: 3/3
    98 | D:1      | Gained mutation: Spells you cast may paralyse adjacent
                  | enemies. [demonic ancestry]
    98 | D:1      | Reached XP level 2. HP: 17/20 MP: 0/5
   246 | D:1      | Reached skill level 1 in Fighting
   439 | D:1      | Found Pojuqame's Antique Armour Emporium.
   840 | D:1      | Gained mutation: You have large cloven feet. [demonic
                  | ancestry]
   840 | D:1      | Reached XP level 3. HP: 26/26 MP: 6/6
   999 | D:1      | Learned a level 2 spell: Passwall
  1322 | D:2      | Gained mutation: You have hoof-like feet. [demonic
                  | ancestry]
  1322 | D:2      | Reached XP level 4. HP: 19/33 MP: 1/8
  2073 | D:2      | Learned a level 3 spell: Stone Arrow
  2075 | D:3      | Noticed Ijyb
  2101 | D:2      | Killed Ijyb
  2361 | D:2      | Learned a level 2 spell: Wereblood
  2421 | D:3      | Found a radiant altar of Vehumet.
  2428 | D:3      | Became a worshipper of Vehumet
  2456 | D:3      | Reached skill level 1 in Transmutations
  2473 | D:3      | Found a hide-covered altar of Uskayaw.
  2598 | D:3      | Gained mutation: You have a somewhat thin skeletal
                  | structure. (Dex +2, Stealth+) [demonic ancestry]
  2598 | D:3      | Reached XP level 5. HP: 35/39 MP: 7/9
  3130 | D:4      | Slain by a gnoll

Illustrated notes

Levels and vault maps discovered:
D:1:      dpeg_arrival_more_subterranean_lakeside_camping, layout_basic,
          serial_shops, nicolae_shop_behind_doors
D:2:      layout_loops_cross
D:3:      layout_rooms, nicolae_vehumet_altar_sigil, old_standard_altar,
          uniq_ijyb
D:4:      layout_loops_ring, hangedman_feature_mirror

Skill      XL: |  1  2  3  4 |
---------------+-------------+-----
Fighting       | 1 2 |  2.6
Earth Magic    | 3 |  3.7
Spellcasting   | 3 |  3.1
Transmutations | 1 |  1.3
Armour         | |  0.7
Dodging        | |  1.7
Stealth        | |  1.7
Shields        | |  0.2
Conjurations   | |  0.3

Action                   |  1- 3 |  4- 6 || total
-------------------------+-------+-------++-------
Melee: Dagger            |    26 |    15 ||    41
       Spear             |    13 |       ||    13
       Kick              |     5 |       ||     5
       Whip              |       |    15 ||    15
 Cast: Sandblast         |    50 |    40 ||    90
       Stone Arrow       |       |     1 ||     1
 Stab: Paralysed         |    12 |     8 ||    20
       Sleeping          |     2 |       ||     2
Armor: Robe              |    16 |    10 ||    26
Dodge: Dodged            |    37 |    28 ||    65
Block: Kite shield       |       |     4 ||     4
